NCAA
TEXAS A&M AGGIES @ TENNESSEE VOLUNTEERS
04/14/2028
 
TOP OF THE 1ST
Texas A&M Aggies batting - Pitching for Tennessee Volunteers : RHP Zach Black
Pitching: RHP Zach Black
Batting: RHB Irwin Robinson 0-0: Called Strike
0-1: Ball
1-1: Ball
2-1: Fly out, F8 (Flyball, 8RS)
Batting: RHB Júlio Hobbs 0-0: Fly out, F3 (Popup, 34)
Batting: LHB Edward Bennett 0-0: Called Strike
0-1: Swinging Strike
0-2: Fly out, F7 (Flyball, 7S)
Top of the 1st over - 0 run(s), 0 hit(s), 0 error(s), 0 left on base; Texas A&M 0 - Tennessee 0
BOTTOM OF THE 1ST
Tennessee Volunteers batting - Pitching for Texas A&M Aggies : RHP Jonathan Nieves
Pitching: RHP Jonathan Nieves
Batting: RHB Danny Scott 0-0: Swinging Strike
0-1: Ball
1-1: Foul Ball, location: 2F
1-2: Ball
2-2: Fly out, F7 (Line Drive, 7LM)
Batting: RHB José Torres 0-0: Ball
1-0: Swinging Strike
1-1: Called Strike
1-2: Strikes out looking
Batting: RHB César García 0-0: Ball
1-0: Called Strike
1-1: Ball
2-1: Foul Ball, location: 2F
2-2: Ball
3-2: Foul Ball, location: 2F
3-2: SINGLE (Groundball, 4MD)
Batting: RHB Ralph Fitzgerald 0-0: Called Strike
César García is caught stealing 2nd base
Bottom of the 1st over - 0 run(s), 1 hit(s), 0 error(s), 0 left on base; Texas A&M 0 - Tennessee 0
TOP OF THE 2ND
Texas A&M Aggies batting - Pitching for Tennessee Volunteers : RHP Zach Black
Batting: RHB William Dyer 0-0: Ball
1-0: Foul Ball, location: 2F
1-1: Ball
2-1: Ground out 6-3 (Groundball, 6)
Batting: RHB Jason Lawson 0-0: Called Strike
0-1: Swinging Strike
0-2: Ball
1-2: Foul Ball, location: 2F
1-2: Foul Ball, location: 2F
1-2: Ball
2-2: Ball
3-2: Foul Ball, location: 2F
3-2: Base on Balls
Batting: LHB Steve Hoffman 0-0: Called Strike
0-1: Fly out, F8 (Line Drive, 8LM)
Batting: RHB Daniel Pineda 0-0: Called Strike
0-1: SINGLE (Line Drive, 6M)
Jason Lawson to second
Runner from 2nd tries for 3rd, SAFE, throw made to third
Batting: RHB Jack Gillespie 0-0: Ball
1-0: Called Strike
1-1: Ball
2-1: Called Strike
2-2: Strikes out looking
Top of the 2nd over - 0 run(s), 1 hit(s), 0 error(s), 2 left on base; Texas A&M 0 - Tennessee 0
BOTTOM OF THE 2ND
Tennessee Volunteers batting - Pitching for Texas A&M Aggies : RHP Jonathan Nieves
Batting: RHB Ralph Fitzgerald 0-0: Called Strike
0-1: Called Strike
0-2: Foul Ball, location: 2F
0-2: Ball
1-2: Foul Ball, location: 2F
1-2: Ball
2-2: Hit by Pitch
Batting: LHB Alfredo Cantú 0-0: Ball
Ralph Fitzgerald is caught stealing 2nd base
1-0: Ball
2-0: Ball
3-0: Base on Balls
Batting: RHB Chris Harper 0-0: Swinging Strike
0-1: SINGLE (Line Drive, 34)
Alfredo Cantú to second
Batting: SHB Jared Calhoun 0-0: Called Strike
0-1: Foul Ball, location: 2F
0-2: Hit by Pitch
Alfredo Cantú to third
Chris Harper to second
Batting: RHB Gary Washington 0-0: Called Strike
0-1: Foul Ball, location: 2F
0-2: Ball
1-2: Strikes out swinging
Batting: RHB Lorne McClain 0-0: Called Strike
0-1: Ball
1-1: DOUBLE (Line Drive, 9LM)
Alfredo Cantú scores
Chris Harper scores
Jared Calhoun to third
Batting: RHB Danny Scott 0-0: Ball
1-0: Ball
2-0: Called Strike
2-1: Called Strike
2-2: Foul Ball, location: 2F
2-2: Ball
3-2: Foul Ball, location: 2F
3-2: Foul Ball, location: 2F
3-2: Strikes out looking
Bottom of the 2nd over - 2 run(s), 2 hit(s), 0 error(s), 2 left on base; Texas A&M 0 - Tennessee 2
TOP OF THE 3RD
Texas A&M Aggies batting - Pitching for Tennessee Volunteers : RHP Zach Black
Batting: RHB Luis García 0-0: Called Strike
0-1: Swinging Strike
0-2: Strikes out looking
Batting: RHB Irwin Robinson 0-0: Foul Ball, location: 2F
0-1: Foul Ball, location: 2F
0-2: Ball
1-2: Ball
2-2: Ball
3-2: Foul Ball, location: 2F
3-2: Base on Balls
Batting: RHB Júlio Hobbs 0-0: Foul Ball, location: 2F
0-1: Ball
1-1: Fly out, F9 (Line Drive, 9S)
Batting: LHB Edward Bennett 0-0: Called Strike
0-1: Called Strike
Irwin Robinson steals 2nd base
0-2: Ground out 4-3 (Groundball, 34)
Top of the 3rd over - 0 run(s), 0 hit(s), 0 error(s), 1 left on base; Texas A&M 0 - Tennessee 2
BOTTOM OF THE 3RD
Tennessee Volunteers batting - Pitching for Texas A&M Aggies : RHP Jonathan Nieves
Batting: RHB José Torres 0-0: Called Strike
0-1: Ball
1-1: Foul Ball, location: 2F
1-2: Ball
2-2: Foul Ball, location: 2F
2-2: Ball
3-2: SINGLE (Groundball, 6D)
Batting: RHB César García 0-0: Ball
1-0: Swinging Strike
1-1: Foul Ball, location: 2F
1-2: Strikes out swinging
Batting: RHB Ralph Fitzgerald 0-0: Called Strike
0-1: Fly out, F5 (Line Drive, 5)
Batting: LHB Alfredo Cantú 0-0: Foul Ball, location: 2F
0-1: Fielders Choice at 2nd, 4-6 (Groundball, 34)
Bottom of the 3rd over - 0 run(s), 1 hit(s), 0 error(s), 0 left on base; Texas A&M 0 - Tennessee 2
TOP OF THE 4TH
Texas A&M Aggies batting - Pitching for Tennessee Volunteers : RHP Zach Black
Batting: RHB William Dyer 0-0: Foul Ball, location: 2F
0-1: Called Strike
0-2: Strikes out swinging
Batting: RHB Jason Lawson 0-0: Ball
1-0: SINGLE (Line Drive, 8LS)
Batting: LHB Steve Hoffman 0-0: Fielders Choice at 2nd, 3-6 (Groundball, 3)
Batting: RHB Daniel Pineda 0-0: Ball
1-0: Ground out 2-3 (Groundball, 15S)
Top of the 4th over - 0 run(s), 1 hit(s), 0 error(s), 1 left on base; Texas A&M 0 - Tennessee 2
BOTTOM OF THE 4TH
Tennessee Volunteers batting - Pitching for Texas A&M Aggies : RHP Jonathan Nieves
Batting: RHB Chris Harper 0-0: Called Strike
0-1: Ball
1-1: Ball
2-1: Swinging Strike
2-2: Strikes out swinging
Batting: SHB Jared Calhoun 0-0: Called Strike
0-1: Ball
1-1: Ground out U3 (Groundball, 34)
Batting: RHB Gary Washington 0-0: Ball
1-0: Ball
2-0: Ball
3-0: Called Strike
3-1: Base on Balls
Batting: RHB Lorne McClain 0-0: Swinging Strike
0-1: Ball
Passed Ball!
Gary Washington to second
1-1: Foul Ball, location: 2F
1-2: Hit by Pitch
Pitching: RHP Raúl Letona
Batting: RHB Danny Scott 0-0: Called Strike
0-1: Ball
1-1: Ball
2-1: Ball
3-1: SINGLE (Line Drive, 8LS)
Gary Washington to third
Lorne McClain to second
Runner from 3rd tries for Home, SAFE, no throw
Batting: RHB José Torres 0-0: Called Strike
0-1: Ball
Wild Pitch!
Lorne McClain to third
Danny Scott to second
1-1: Called Strike
1-2: Ball
2-2: Strikes out swinging
Bottom of the 4th over - 1 run(s), 1 hit(s), 0 error(s), 2 left on base; Texas A&M 0 - Tennessee 3
TOP OF THE 5TH
Texas A&M Aggies batting - Pitching for Tennessee Volunteers : RHP Zach Black
Batting: RHB Jack Gillespie 0-0: Foul Ball, location: 2F
0-1: Ball
1-1: Swinging Strike
1-2: Ball
2-2: Ball
3-2: Base on Balls
Batting: RHB Luis García 0-0: Ball
1-0: Called Strike
1-1: Ball
2-1: Ball
3-1: Foul Ball, location: 2F
3-2: Fly out, F9 (Flyball, 9S)
Batting: RHB Irwin Robinson 0-0: Called Strike
0-1: Grounds into double play, 6-4-3 (Groundball, 6)
Top of the 5th over - 0 run(s), 0 hit(s), 0 error(s), 0 left on base; Texas A&M 0 - Tennessee 3
BOTTOM OF THE 5TH
Tennessee Volunteers batting - Pitching for Texas A&M Aggies : RHP Raúl Letona
Batting: RHB César García 0-0: Ball
1-0: Ball
2-0: Foul Ball, location: 2F
2-1: Ball
3-1: Base on Balls
Batting: RHB Ralph Fitzgerald 0-0: Ball
1-0: DOUBLE (Flyball, 89D)
César García to third
Batting: LHB Alfredo Cantú 0-0: Ball
1-0: Foul Ball, location: 2F
1-1: Ball
2-1: Foul Ball, location: 2F
2-2: Ball
3-2: Base on Balls
Batting: RHB Chris Harper 0-0: Ball
1-0: Ball
2-0: Ball
3-0: Base on Balls
César García scores
Ralph Fitzgerald to third
Alfredo Cantú to second
Batting: SHB Jared Calhoun 0-0: Ball
1-0: Called Strike
1-1: Ball
2-1: Foul Ball, location: 2F
2-2: Ball
3-2: Base on Balls
Ralph Fitzgerald scores
Alfredo Cantú to third
Chris Harper to second
Batting: RHB Gary Washington 0-0: Ball
1-0: Ball
2-0: Foul Ball, location: 2F
2-1: Foul Ball, location: 2F
2-2: Strikes out swinging
Batting: RHB Lorne McClain 0-0: Called Strike
0-1: Ball
1-1: SINGLE (Groundball, 34D)
Alfredo Cantú scores
Chris Harper to third
Jared Calhoun to second
Runner from 3rd tries for Home, SAFE, no throw
Pitching: LHP Dan Riggs
Batting: RHB Danny Scott 0-0: Called Strike
0-1: Ball
1-1: Ball
2-1: Ball
3-1: Base on Balls
Jared Calhoun to third
Lorne McClain to second
Batting: RHB José Torres 0-0: Called Strike
0-1: Called Strike
0-2: Foul Ball, location: 2F
0-2: Strikes out swinging
Batting: RHB César García 0-0: Ball
1-0: Foul Ball, location: 2F
1-1: Swinging Strike
1-2: Foul Ball, location: 2F
1-2: Ball
2-2: Ball
3-2: SINGLE (Line Drive, 89S)
Jared Calhoun scores
Lorne McClain to third
Danny Scott to second
Lorne McClain scores
Danny Scott to third
Batting: RHB Ralph Fitzgerald 0-0: Called Strike
0-1: Called Strike
0-2: Foul Ball, location: 2F
0-2: Ball
1-2: Ground out 1-3 (Groundball, P)
Bottom of the 5th over - 6 run(s), 3 hit(s), 0 error(s), 2 left on base; Texas A&M 0 - Tennessee 9
TOP OF THE 6TH
Texas A&M Aggies batting - Pitching for Tennessee Volunteers : RHP Zach Black
Batting: RHB Júlio Hobbs 0-0: Ball
1-0: Ball
2-0: Ball
3-0: Swinging Strike
3-1: Ground out 5-3 (Groundball, 56S)
Batting: LHB Edward Bennett 0-0: Ball
1-0: DOUBLE (Line Drive, 89M)
Batting: RHB William Dyer 0-0: Called Strike
Edward Bennett steals 3rd base
0-1: Swinging Strike
0-2: Ball
1-2: Strikes out swinging
Batting: RHB Jason Lawson 0-0: Called Strike
0-1: Swinging Strike
0-2: Foul Ball, location: 2F
0-2: Fly out, F2 (Popup, 15)
Top of the 6th over - 0 run(s), 1 hit(s), 0 error(s), 1 left on base; Texas A&M 0 - Tennessee 9
BOTTOM OF THE 6TH
Tennessee Volunteers batting - Pitching for Texas A&M Aggies : LHP Dan Riggs
Batting: LHB Alfredo Cantú 0-0: Fly out, F7 (Line Drive, 7LM)
Batting: RHB Chris Harper 0-0: Called Strike
0-1: Ball
1-1: Called Strike
1-2: Strikes out looking
Batting: SHB Jared Calhoun 0-0: Foul Ball, location: 2F
0-1: Foul Ball, location: 2F
0-2: Foul Ball, location: 2F
0-2: Ball
1-2: Ball
2-2: Ground out 6-3 (Groundball, 6)
Bottom of the 6th over - 0 run(s), 0 hit(s), 0 error(s), 0 left on base; Texas A&M 0 - Tennessee 9
TOP OF THE 7TH
Texas A&M Aggies batting - Pitching for Tennessee Volunteers : RHP Zach Black
Pitching: RHP Gerald Marshall
Batting: LHB Steve Hoffman 0-0: Called Strike
0-1: Ball
1-1: Swinging Strike
1-2: Ball
2-2: Ball
3-2: Foul Ball, location: 2F
3-2: Base on Balls
Batting: RHB Daniel Pineda 0-0: DOUBLE (Line Drive, 89M)
Steve Hoffman to third
Batting: RHB Jack Gillespie 0-0: Ball
1-0: Ball
2-0: Foul Ball, location: 2F
2-1: Foul Ball, location: 2F
2-2: Ball
3-2: Strikes out swinging
Batting: RHB Luis García 0-0: SINGLE (Flyball, 89S)
Steve Hoffman scores
Daniel Pineda to third
Batting: RHB Irwin Robinson 0-0: Ball
1-0: Called Strike
1-1: Foul Ball, location: 2F
1-2: Ball
2-2: Foul Ball, location: 2F
2-2: Strikes out swinging
Batting: RHB Júlio Hobbs 0-0: Ball
1-0: Foul Ball, location: 2F
1-1: Called Strike
1-2: Foul Ball, location: 2F
1-2: Strikes out swinging
Top of the 7th over - 1 run(s), 2 hit(s), 0 error(s), 2 left on base; Texas A&M 1 - Tennessee 9
BOTTOM OF THE 7TH
Tennessee Volunteers batting - Pitching for Texas A&M Aggies : LHP Dan Riggs
Batting: RHB Gary Washington 0-0: Fly out, F8 (Flyball, 8RM)
Batting: RHB Lorne McClain 0-0: Ground out 6-3 (Groundball, 6)
Batting: RHB Danny Scott 0-0: Foul Ball, location: 2F
0-1: Ground out 5-3 (Groundball, 56)
Bottom of the 7th over - 0 run(s), 0 hit(s), 0 error(s), 0 left on base; Texas A&M 1 - Tennessee 9
TOP OF THE 8TH
Texas A&M Aggies batting - Pitching for Tennessee Volunteers : RHP Gerald Marshall
Batting: LHB Edward Bennett 0-0: Ball
1-0: Ground out U3 (Groundball, 34)
Batting: RHB William Dyer 0-0: SINGLE (Flyball, 78S)
Batting: RHB Jason Lawson 0-0: Called Strike
0-1: Fly out, F9 (Flyball, 9LS)
Batting: LHB Steve Hoffman 0-0: Ball
1-0: Ball
2-0: 2-RUN HOME RUN (Flyball, 7D), Distance : 367 ft
Pitching: RHP Gabriel Mills
Batting: RHB Daniel Pineda 0-0: Foul Ball, location: 2F
0-1: Ground out 4-3 (Groundball, 4)
Top of the 8th over - 2 run(s), 2 hit(s), 0 error(s), 0 left on base; Texas A&M 3 - Tennessee 9
BOTTOM OF THE 8TH
Tennessee Volunteers batting - Pitching for Texas A&M Aggies : LHP Dan Riggs
Batting: RHB José Torres 0-0: Ball
1-0: Ball
2-0: Foul Ball, location: 2F
2-1: Fly out, F7 (Flyball, 78M)
Batting: RHB César García 0-0: Ball
1-0: Ball
2-0: Called Strike
2-1: Ball
3-1: Ground out 4-3 (Groundball, 34)
Batting: RHB Ralph Fitzgerald 0-0: Called Strike
0-1: Fly out, F2 (Popup, 3S)
Bottom of the 8th over - 0 run(s), 0 hit(s), 0 error(s), 0 left on base; Texas A&M 3 - Tennessee 9
TOP OF THE 9TH
Texas A&M Aggies batting - Pitching for Tennessee Volunteers : RHP Gabriel Mills
Batting: RHB Jack Gillespie 0-0: Ball
1-0: Foul Ball, location: 2F
1-1: Foul Ball, location: 2F
1-2: Ball
2-2: Ball
3-2: Foul Ball, location: 2F
3-2: Base on Balls
Batting: RHB Luis García 0-0: Ball
1-0: Ball
2-0: Ball
Wild Pitch!
Jack Gillespie to second
3-0: Called Strike
3-1: Ground out 4-3 (Groundball, 4)
Jack Gillespie to third
Batting: RHB Irwin Robinson 0-0: Ball
1-0: Ground out 6-3 (Groundball, 6)
Jack Gillespie scores
Pitching: LHP Tony Féliz
Batting: RHB Júlio Hobbs 0-0: Fly out, F9 (Flyball, 9LM)
Top of the 9th over - 1 run(s), 0 hit(s), 0 error(s), 0 left on base; Texas A&M 4 - Tennessee 9
Tuesday, August 8th, 2017 - OOTP Baseball 17.12 Build 75